 Dungeon Crawl Stone Soup version 0.30-a0-748-ge6a52f7cba (webtiles) character file.

Game seed: 12532835254739746296

660 Crownlay the Arsonist (level 7, -3/50 HPs)
             Began as a Hill Orc Fire Elementalist on Feb 8, 2023.
             Slain by an ice beast (15 damage)
             ... on level 6 of the Dungeon.
             The game lasted 00:10:18 (6948 turns).

Crownlay the Arsonist (Hill Orc Fire Elementalist)  Turns: 6948, Time: 00:10:19

Health: -3/50      AC:  6    Str: 11    XL:     7   Next: 56%
Magic:  6/9        EV: 12    Int: 20    God:
Gold:   219        SH:  5    Dex: 13    Spells: 3/9 levels left

rFire   + . .      SeeInvis .    y - +11 quarterstaff "Ovvesy" {freeze, Will+ Dex+2}
rCold   x . .      Faith    .    (shield currently unavailable)
rNeg    + . .      Spirit   .    n - +2 robe {Will+}
rPois   .          Reflect  +    j - +0 helmet
rElec   .          Harm     .    (no cloak)
rCorr   +          Rampage  .    (no gloves)
Will    ++...                    x - +0 pair of boots
Stlth   ++                       q - amulet of the Queen {Reflect rN+ Int+3 SH+5}
HPRegen 0.28/turn                i - ring of fire
MPRegen 0.11/turn                t - ring of resist corrosion

@: studying Air Magic
A: no striking features
a: no special abilities


You were on level 6 of the Dungeon.
You visited 1 branch of the dungeon, and saw 6 of its levels.

You collected 219 gold pieces.

Inventory:

Hand Weapons
 y - the +11 quarterstaff "Ovvesy" (weapon) {freeze, Will+ Dex+2}
   (You found it on level 5 of the Dungeon)

   Dex:       It affects your dexterity (+2).
   Will:      It increases your willpower.
Missiles
 a - a boomerang of dispersal
Armour
 j - a +0 helmet (worn)
 n - a +2 robe of willpower (worn)
 x - a +0 pair of boots (worn)
Jewellery
 i - a ring of fire (left hand)
 q - the amulet of the Queen (around neck) {Reflect rN+ Int+3 SH+5}
   (You found it on level 5 of the Dungeon)

   [amulet of reflection]

   It reflects blocked missile attacks.
   Int:       It affects your intelligence (+3).
   rN:        It protects you from negative energy.
   SH:        It affects your SH (+5).
 t - a ring of resist corrosion (right hand)
Wands
 v - a wand of paralysis (10)
 w - a wand of digging (7)
Scrolls
 c - 4 scrolls of noise
 g - a scroll of brand weapon {unknown}
 h - a scroll of identify
 k - a scroll of immolation {unknown}
 m - 2 scrolls of enchant armour
 o - a scroll of amnesia {unknown}
 r - 2 scrolls of teleportation
 z - a scroll of magic mapping {unknown}
Potions
 b - a potion of magic
 d - a potion of heal wounds {unknown}
 e - 5 potions of curing
 f - 2 potions of lignification
 l - 3 potions of mutation
 p - a potion of might {unknown}
 s - a potion of berserk rage {unknown}
 u - a potion of resistance {unknown}


   Skills:
 - Level 1.5 Dodging
 - Level 1.5 Stealth
 - Level 1.5 Spellcasting
 - Level 1.0 Conjurations
 * Level 9.4 Fire Magic


You had 3 spell levels left.
You knew the following spells:

 Your Spells              Type           Power      Damage    Failure   Level
a - Foxfire               Conj/Fire      100%       2x1d9     1%          1
b - Scorch                Fire           100%       2d10      1%          2
c - Kindle Blastsparks    Fire/Tloc/Air  42%        2d13      14%         3

Your spell library contained the following spells:

 Spells                   Type           Power      Damage    Failure   Level
 Inner Flame              Hex/Fire       30%        N/A       7%          3
 Shock                    Conj/Air       12%        1d3       14%         1
 Static Discharge         Conj/Air       6%         2-3/arc   21%         2
 Hailstorm                Conj/Ice       3%         3d3       38%         3
 Swiftness                Air            1%         N/A       45%         3
 Vhi's Electric Charge    Tloc/Air       2%         N/A       45%         3
 Flame Wave               Conj/Fire      33%        2d10      19%         4
 Airstrike                Air            0%         2d(1-17)  86%         4
 Ice Form                 Ice/Tmut       1%         N/A       86%         4
 Arcjolt                  Conj/Air       1%         1d11      98%         5
 Lightning Bolt           Conj/Air       1%         1d12      98%         5
 Simulacrum               Ice/Necr       0%         N/A       100%        6


Dungeon Overview and Level Annotations

Branches:
Dungeon (6/15)
 Temple: D:4-7

Altars:

Annotations:
D:3 exclusion: sky beast
D:4 2 transporters, derval's ghost, amateur OpSu


Message History

You are out of magic!
The foxfire hits the ufetubus!
The ufetubus is burned terribly!
You kill the ufetubus!
Your foxfire dissipates!
An adder comes into view.
You feel a surge of power!
You conjure some foxfire!
The adder hisses angrily.
You feel a surge of power!
You conjure some foxfire!
The foxfire hits the adder.
The adder is lightly wounded.
You are out of magic!
You are out of magic!
An adder is nearby!
The foxfire hits the adder.
The adder is severely wounded.
The foxfire hits the adder.
You kill the adder!
Your foxfire dissipates!
HP restored.
Magic restored.
An ice beast comes into view.
Found an escape hatch in the ceiling.
Casting: Foxfire (safe; 1% risk of failure)
Confirm with . or Enter, or press ? or * to list all spells.
You feel a surge of power!
Flames lash the ice beast.
The ice beast melts!
The ice beast is moderately wounded.
The ice beast's fire resistance burns away.
The ice beast hits you. The ice beast freezes you!
You feel a terrible chill!
You feel a surge of power!
You conjure some foxfire!
The ice beast hits you. The ice beast freezes you!!
You feel a terrible chill!
* * * LOW HITPOINT WARNING * * *
You are too injured to fight recklessly!
You are too injured to fight recklessly!
Your foxfire dissipates!
The foxfire hits the ice beast!
The ice beast melts!
The ice beast is heavily wounded.
The ice beast attacks as you move away! The ice beast hits you.
* * * LOW HITPOINT WARNING * * *
The ice beast freezes you!
You feel a terrible chill!
You die...

.# .# #.## #...##
<....## ......#
#######......#
#....@Y......# #
#.#######.##.#
#.###.###
#.......#####
####........#
#....###.#
#####.#.###.#
.........##.####.##
...................


You could see an ice beast (combustible).

Vanquished Creatures
  A steam dragon (D:6)
  2 ogres (D:4)
  2 hounds (D:5)
  2 iguanas
  Robin (D:2)
  A gnoll (D:1)
  8 adders
  2 shadow imps (D:5)
  2 white imps (D:5)
  2 ufetubi
  A dart slug (D:4)
  An orc (D:2)
  8 endoplasms
  7 giant cockroaches
  21 goblins
  6 hobgoblins
  7 jackals (D:1)
  6 kobolds
  5 quokkas
  7 ball pythons
  7 bats
  3 frilled lizards (D:1)
  11 rats
113 creatures vanquished.

Vanquished Creatures (others)
  425 foxfires
  6 plants (D:4)
431 creatures vanquished.

Grand Total: 544 creatures vanquished

Notes
Turn   | Place    | Note
-------+----------+-------------------------------------------
     0 | D:1      | Crownlay the Hill Orc Fire Elementalist began the quest for
                  | the Orb.
     0 | D:1      | Reached XP level 1. HP: 14/14 MP: 3/3
   205 | D:1      | Reached XP level 2. HP: 20/20 MP: 0/4
   339 | D:1      | Reached skill level 4 in Fire Magic
   408 | D:1      | HP: 1/20 [kobold/+0 club (2)]
   707 | D:1      | Reached XP level 3. HP: 26/26 MP: 2/5
   792 | D:1      | Reached skill level 5 in Fire Magic
  1164 | D:2      | Reached XP level 4. HP: 32/33 MP: 2/6
  1209 | D:2      | Learned a level 2 spell: Scorch
  1213 | D:2      | Learned a level 3 spell: Kindle Blastsparks
  1765 | D:2      | Noticed Robin
  1887 | D:2      | Killed Robin
  1990 | D:2      | Found a faded altar of an unknown god.
  2307 | D:2      | Reached skill level 6 in Fire Magic
  2934 | D:3      | Identified the +4 scale mail "Sissy" {rElec rPois Will+++
                  | Str-5}
  2984 | D:3      | Reached XP level 5. HP: 34/38 MP: 5/7
  3235 | D:3      | Noticed a sky beast
  4694 | D:4      | Noticed an ogre
  4698 | D:4      | Killed an ogre
  4699 | D:4      | Reached skill level 7 in Fire Magic
  4699 | D:4      | Reached XP level 6. HP: 8/45 MP: 3/8
  4981 | D:4      | Found a transporter.
  5145 | D:4      | Found a transporter.
  5155 | D:4      | Noticed derval's ghost (amateur OpSu)
  5367 | D:4      | Reached skill level 8 in Fire Magic
  5442 | D:5      | Entered Level 5 of the Dungeon
  5788 | D:5      | Reached XP level 7. HP: 50/50 MP: 2/9
  5965 | D:5      | Identified the +11 quarterstaff "Ovvesy" {freeze, Will+
                  | Dex+2}
  6173 | D:5      | Identified the +8 whip of Yeast {holy, Fragile rPois rC+
                  | Will+}
  6734 | D:5      | Identified the amulet of the Queen {Reflect rN+ Int+3 SH+5}
  6810 | D:6      | Noticed a steam dragon
  6818 | D:6      | Killed a steam dragon
  6819 | D:6      | Reached skill level 9 in Fire Magic
  6948 | D:6      | Slain by an ice beast

Illustrated notes

Levels and vault maps discovered:
D:1:      amcnicky_arrival_flooded_fountain, layout_rooms,
          minmay_tree_intersection, minmay_rat_gold_closets
D:2:      layout_loops_corners, nicolae_ecumenical_pavilion, uniq_robin
D:3:      layout_basic
D:4:      layout_loops_cross, gammafunk_ghost_gnarly_gnolls
D:5:      layout_rooms, serial_corexii_hall, corexii_hall_statues_x,
          corexii_hall_statues_x, corexii_hall_statues_s,
          corexii_hall_statues_deadend, corexii_hall_statues_i,
          corexii_hall_statues_l, kennysheep_small_spiral, skrybe_limestone_x,
          chequers_serial_rivers_room_b
D:6:      layout_loops_ring, gammafunk_temple_overflow_pools,
          minmay_temple_entry_drinking_statues, gammafunk_ghost_stat_death,
          hangedman_decor_growths, minmay_bent

Skill      XL: |  1  2  3  4  5  6  7 |
---------------+----------------------+-----
Fire Magic     | 4 5 6 7 8 9 |  9.4
Dodging        | |  1.5
Stealth        | |  1.5
Spellcasting   | |  1.5
Conjurations   | |  1.0

Action                     |  1- 3 |  4- 6 |  7- 9 || total
---------------------------+-------+-------+-------++-------
  Melee: Dagger            |    11 |       |       ||    11
         Spear             |    37 |    52 |       ||    89
   Cast: Foxfire           |    56 |   170 |    36 ||   262
         Kindle Blastspark |       |     3 |     2 ||     5
         Scorch            |       |     2 |     2 ||     4
    Use: Scroll            |       |     1 |     6 ||     7
   Stab: Sleeping          |     3 |       |       ||     3
 Armour: Robe              |    16 |    17 |     1 ||    34
  Dodge: Dodged            |    45 |    55 |       ||   100

Table legend: (Time is in decaauts)
 A = Elapsed time spent in this place.
 B = Non-inter-level travel time spent in this place.
 C = Inter-level travel time spent in this place.
 D = Time resting spent in this place.
 E = Time spent auto-exploring this place.
 F = Levels seen in this place.
 G = Mean time per level.
                   A        B        C        D        E       F      G
               +--------+--------+--------+--------+--------+-----+--------+
         Total |   6956 |   6806 |    150 |      0 |   5892 |   6 | 1159.3 |
       Dungeon |   6956 |   6806 |    150 |      0 |   5892 |   6 | 1159.3 |
               +--------+--------+--------+--------+--------+-----+--------+

Top non-repeatable levels by time:
     D:2: 1684 daAuts
     D:3: 1536 daAuts
     D:5: 1358 daAuts
     D:1: 1155 daAuts
     D:4: 1072 daAuts
     D:6: 148 daAuts
